Map: Acid Plant LE

Players

Scarlett

  • Race: Zerg Zerg
  • Spawn Location: 11:00

herO - Winner!

  • Race: Protoss Protoss
  • Spawn Location: 5:00

Event: 2018 Hangzhou StarCraft Carnival

VOD

Have the link to the VOD?

Description

Time

  • Played on: April 29, 2018, 5:03 a.m.
  • Length: 10:04

All games in this series

Show
View Real Time Build Order
Export as new Build Order

Scarlett Zerg 

Build Orders: Hatch First 

Get SALT Encoding   

  12  0:00  Drone  
  13  0:12  Overlord  
  13  0:17  Drone  
  14  0:31  Drone x2  
  14  0:34  Drone  
  17  0:50  Hatchery  
  17  0:54  Drone  
  17  0:57  Drone  
  18  1:09  Extractor  
  17  1:12  Spawning Pool  
  17  1:15  Drone  
  17  1:18  Drone  
  18  1:28  Drone  
  19  1:39  Drone  
  20  1:49  Overlord  
  20  1:58  Queen  
  22  2:02  Queen  
  22  2:03  Zergling x4  
  26  2:10  Metabolic Boost  
  26  2:13  Drone  
  27  2:17  Drone  
  27  2:22  Drone  
  29  2:23  Drone  
  30  2:38  Drone x2  
  30  2:43  Hatchery  
  31  2:47  Overlord  
  31  2:49  Drone  
  32  2:55  Drone  
  33  2:59  Queen  
  33  3:00  Drone  
  36  3:07  Zergling x4  
  36  3:09  Drone  
  36  3:11  Drone x2  
  41  3:18  Spore Crawler  
  41  3:19  Drone x2  
  42  3:31  Overlord  
  42  3:36  Drone  
  42  3:40  Drone  
  42  3:41  Overlord  
  44  3:45  Overlord  
  44  3:48  Spore Crawler  
  44  3:49  Drone x2  
  44  3:51  Drone x3  
  48  3:56  Drone x2, Queen  
  48  3:57  Drone  
  53  4:03  Extractor  
  53  4:05  Drone  
  53  4:08  Drone x2  
  55  4:11  Spore Crawler  
  55  4:12  Drone x2  
  55  4:13  Drone  
  57  4:19  Drone x4  
  57  4:23  Drone x2  
  63  4:24  Queen  
  63  4:34  Drone x3  
  62  4:40  Drone  
  62  4:41  Lair, Drone  
  62  4:45  Drone x3  
  65  4:48  Drone x2  
  69  4:55  Drone  
  69  4:57  Drone  
  69  4:58  Drone, Roach Warren  
  71  5:00  Queen, Extractor  
  71  5:02  Extractor  
  71  5:05  Overlord, Extractor  
  68  5:08  Overlord  
  68  5:17  Overlord x2  
  68  5:24  Drone x2  
  68  5:26  Drone x3  
  68  5:27  Drone x3  
  76  5:31  Overlord x3  
  76  5:38  Roach x2  
  76  5:42  Roach x4  
  88  5:45  Roach  
  88  5:53  Roach x5  
  88  5:56  Roach x2  
  102  6:06  Ravager  
  102  6:08  Roach x4  
  107  6:12  Roach x4  
  107  6:15  Queen  
  107  6:17  Roach x2  
  113  6:24  Roach x3  
  113  6:25  Roach x2  
  106  6:32  Glial Reconstitution  
  106  6:33  Roach x4  
  114  6:43  Overlord x4  
  114  6:51  Evolution Chamber  
  113  6:54  Ravager  
  113  7:01  Overseer  
  114  7:03  Roach x8  
  114  7:08  Roach x4  
  138  7:18  Roach x3  
  142  7:28  Roach x2  
  142  7:29  Roach  
  134  7:34  Roach  
  128  7:39  Roach  
  128  7:40  Roach x3  
  128  7:44  Roach  
  132  7:50  Roach  
  132  7:51  Roach  
  119  7:52  Queen x2  
  119  7:54  Roach, Zerg Missile Weapons Level 1  
  125  7:58  Roach  
  125  8:00  Ravager x2  
  125  8:01  Roach  
  125  8:04  Overlord  
  129  8:07  Hatchery  
  119  8:15  Roach x3  
  111  8:24  Drone x3  
  114  8:27  Drone  
  114  8:30  Spire  
  112  8:44  Drone x7  
  119  8:54  Hatchery  
  119  8:57  Drone x2  
  119  8:58  Drone x4, Extractor  
  119  9:00  Overlord  
  124  9:07  Zergling x8  
  128  9:15  Roach x2  
  128  9:16  Ravager x6  
  138  9:18  Hatchery, Overlord  
  138  9:21  Overlord  
  138  9:23  Ravager  
  140  9:24  Roach  
  140  9:25  Roach x2  
  140  9:28  Zergling x4  
  140  9:29  Overlord x2  
  140  9:30  Overlord  
  146  9:33  Extractor  
  146  9:34  Overlord x2, Extractor  
  146  9:35  Overlord  
  146  9:36  Drone  
Show
View Real Time Build Order
Export as new Build Order

herO Protoss - Winner!

Build Orders: 1 Gate Expand, Oracle Opening, Archon Immortal, Zealot Archon, Archon Drop 

Get SALT Encoding   

  12  0:00  Probe  
  13  0:13  Probe  
  14  0:17  Pylon  
  14  0:24  Probe  
  15  0:32  Probe  
  15  0:40  Gateway, Probe  
  16  0:47  Assimilator  
  17  0:51  Probe  
  18  1:03  Probe  
  19  1:15  Probe  
  20  1:27  Nexus  
  20  1:35  Cybernetics Core  
  20  1:38  Probe  
  21  1:44  Assimilator  
  21  1:50  Probe  
  22  1:54  Pylon  
  22  2:02  Probe  
  22  2:03  Adept  
  23  2:14  Probe  
  26  2:18  Stargate  
  26  2:24  Warp Gate  
  26  2:27  Probe  
  27  2:36  Probe  
  29  2:39  Probe  
  29  2:44  Probe  
  31  2:50  Oracle  
  31  2:51  Probe  
  33  2:54  Probe  
  32  3:03  Probe  
  36  3:06  Assimilator, Probe  
  36  3:09  Gateway  
  37  3:15  Probe  
  37  3:18  Oracle, Probe  
  39  3:27  Pylon  
  39  3:28  Probe  
  39  3:30  Probe  
  44  3:37  Robotics Facility  
  44  3:41  Probe  
  44  3:42  Probe  
  44  3:44  Assimilator  
  46  3:50  Probe  
  46  3:51  Twilight Council  
  46  3:53  Probe  
  48  3:57  Pylon  
  48  3:58  Probe  
  49  4:05  Probe  
  49  4:08  Probe  
  49  4:09  Gateway  
  50  4:14  Gateway  
  51  4:24  Probe x2  
  51  4:27  Warp Prism  
  53  4:38  Templar Archives  
  55  4:44  Gateway  
  55  4:45  Gateway, Stalker  
  57  4:50  Zealot  
  59  4:52  Pylon  
  59  5:12  Charge  
  59  5:13  Nexus  
  59  5:15  High Templar x4  
  59  5:17  Pylon  
  59  5:19  Archon x2  
  67  5:21  Pylon  
  67  5:24  Probe  
  67  5:25  Probe  
  69  5:38  Probe x2  
  69  5:42  Observer  
  72  5:44  Pylon  
  72  5:50  Zealot x5  
  72  5:52  Zealot  
  72  5:56  Pylon  
  84  5:58  Probe x2  
  83  6:11  Probe x2  
  80  6:13  Zealot x4, Immortal  
  80  6:16  Zealot  
  90  6:23  Probe x2  
  84  6:35  Probe x2  
  84  6:36  Robotics Facility  
  84  6:37  Probe  
  79  6:41  High Templar x3  
  79  6:42  High Templar  
  79  6:46  Immortal  
  87  6:47  Probe x2  
  87  6:49  Forge  
  87  6:51  Probe  
  90  6:55  Archon x2  
  94  7:05  Zealot x2  
  94  7:08  Gateway, Probe x2  
  100  7:09  Probe  
  100  7:15  Protoss Ground Weapons Level 1, Assimilator  
  101  7:16  Assimilator  
  101  7:21  Immortal  
  101  7:23  Zealot  
  101  7:24  Zealot  
  105  7:30  Zealot x3  
  105  7:32  Zealot  
  105  7:36  Immortal  
  112  7:37  Probe x3  
  114  7:56  Pylon  
  114  7:58  Immortal  
  114  8:00  Zealot  
  114  8:04  Gateway  
  114  8:05  Immortal  
  116  8:06  Pylon  
  93  8:28  Immortal  
  93  8:30  High Templar x3  
  93  8:31  High Templar, Zealot x2  
  93  8:33  Probe x3  
  108  8:34  Immortal  
  108  8:38  Nexus  
  112  8:47  Pylon  
  116  8:49  Pylon  
  116  8:56  Archon  
  116  8:57  Zealot x2, Sentry  
  116  9:01  Gateway  
  116  9:02  Archon  
  122  9:03  Gateway  
  122  9:05  High Templar  
  122  9:06  High Templar, Zealot x2  
  122  9:08  Immortal  
  130  9:11  Immortal  
  130  9:13  Archon  
  134  9:22  Pylon  
  138  9:38  Zealot x5  
  136  9:46  Zealot  
  136  9:47  Zealot x6  
  140  9:54  Zealot  
  140  10:04  Zealot  
Tags
 
Add a new tag
Caveats
  • Supply blocks, unpowered buildings, or Contaminate may cause inaccurate times.
  • Supply counts are checked every 10 seconds.